 Dungeon Crawl Stone Soup version bcrawl-1.19.1 (webtiles) character file.

Game seed: 2911986730361685090

174 Revguard the Covered (level 5, 0/41 HPs)
             Began as a Demonspawn Fighter on Nov 29, 2019.
             Succumbed to a worker ant's poison
             ... on level 4 of the Dungeon.
             The game lasted 00:08:59 (3586 turns).

Revguard the Covered (Demonspawn Fighter)           Turns: 3586, Time: 00:09:00

Health: 0/41       AC:  4    Str: 20 (22) XL:     5   Next: 28%
Magic:  5/5        EV: 11    Int:  8 (10) God:
Gold:   350        SH:  0    Dex: 11 (14) Spells: 4/4 levels left

rFire    + . .     SeeInvis .   p - +0 dagger
rCold    . . .     Gourm    .   (no shield)
rNeg     . . .     Faith    .   m - +0 leather armour
rPois    .         Spirit   .   (no helmet)
rElec    .         Reflect  .   (no cloak)
rCorr    .         Harm     .   (no gloves)
MR       .....                  l - +0 pair of boots
Stlth    ++........             (no amulet)
HPRegen  0.13/turn              a - ring of protection from fire
MPRegen  0.09/turn              (no ring)

@: confused, mighty, lethally poisoned (0 -> -4)
A: hooves 1, thin skeletal structure 1, nightstalker 1, rot immunity
a: no special abilities


You were on level 4 of the Dungeon.
You were hungry.

You visited 1 branch of the dungeon, and saw 4 of its levels.

You collected 350 gold pieces.

Inventory:

Hand Weapons
 p - a +0 dagger (weapon)
Missiles
 j - 7 poisoned needles
 s - 31 needles of frenzy
Armour
 b - a +0 scale mail
 c - a +0 shield
 l - a +0 pair of boots (worn)
 m - a +0 leather armour (worn)
Jewellery
 a - a ring of protection from fire (left hand)
Wands
 g - a wand of disintegration (12)
 o - a wand of clouds (2)
Scrolls
 e - 4 scrolls of identify {unknown}
 h - 7 scrolls of remove curse {unknown}
 i - 3 scrolls of teleportation {unknown}
 k - 3 scrolls of blinking {unknown}
 n - a scroll of enchant armour {unknown}
 q - 2 scrolls of amnesia {unknown}
Comestibles
 f - 6 rations {!d}
 t - a chunk of flesh


   Skills:
 + Level 3.4 Fighting
 + Level 0.7 Short Blades
   Level 2.6 Axes
 * Level 0.4 Throwing
 + Level 3.6 Armour
 + Level 1.1 Dodging
 * Level 1.6 Stealth
 - Level 3.1 Shields


You had 4 spell levels left.
You didn't know any spells.
Your spell library was empty.

Dungeon Overview and Level Annotations

Branches:
Dungeon (4/12)
 Temple: D:4-7

Altars:


Innate Abilities, Weirdness & Mutations

You have large cloven feet.
You have a somewhat thin skeletal structure. (Dex +2, Stealth)
You are slightly more attuned to the shadows.
You are immune to rotting.


Message History

* * * LOW HITPOINT WARNING * * *
You feel sick.
Put on which piece of jewellery? (? for menu, Esc to quit)
Okay, then.
Unknown command.
Evoke which item? (* to show all) (? for menu, Esc to quit)
Aiming: Cloud Cone
Press: ? - help, Dir - move target cursor You create a blast of noxious fumes!
Really walk into that cloud of noxious fumes?
You are engulfed in noxious fumes.
* * * LOW HITPOINT WARNING * * *
You feel sick.
You are engulfed in noxious fumes.
You choke on the stench!
You are confused.
You bump into the rock wall.
You are engulfed in noxious fumes.
You choke on the stench!
You are more confused.
* * * LOW HITPOINT WARNING * * *
You die...

#.###≈###
#..##≈..#######
.....≈........#
##.##≈....###.#
##.##≈......#.#
.÷.##≈...##.#.#
##..#≈##.##.#.# #
##.#.###.##.#.####§#
#........##....§@§§#
.....#######...#####
#............)..#
....########....#
#.#. ##.#.# #.#.
..#.# # #. ##.#.# #.


There were no monsters in sight!

Vanquished Creatures
  A crimson imp (D:2)
  A worker ant (D:4)
  A hound skeleton (D:4)
  2 adders
  4 oozes
  2 worms
  A dart slug (D:2)
  3 leopard geckos
  4 orcs (D:3)
  3 bats
  2 giant cockroaches (D:1)
  2 goblins
  9 hobgoblins
  2 jackals (D:3)
  9 kobolds
  2 ball pythons (D:1)
  A frilled lizard (D:2)
  6 rats
55 creatures vanquished.

Notes
Turn   | Place    | Note
-------+----------+-------------------------------------------
     0 | D:1      | Revguard the Demonspawn Fighter began the quest for the
                  | Orb.
     0 | D:1      | Reached XP level 1. HP: 18/18 MP: 1/1
    97 | D:1      | Gained mutation: You have a somewhat thin skeletal
                  | structure. (Dex +2, Stealth) [demonic ancestry]
    97 | D:1      | Reached XP level 2. HP: 16/24 MP: 2/2
   631 | D:2      | Gained mutation: You are immune to rotting. [demonic
                  | ancestry]
   631 | D:2      | Reached XP level 3. HP: 14/29 MP: 3/3
  1243 | D:2      | Gained mutation: You are slightly more attuned to the
                  | shadows. [demonic ancestry]
  1243 | D:2      | Reached XP level 4. HP: 20/35 MP: 4/4
  2633 | D:3      | Reached skill level 1 in Stealth
  3399 | D:4      | Reached skill level 1 in Dodging
  3399 | D:4      | Gained mutation: You have large cloven feet. [demonic
                  | ancestry]
  3399 | D:4      | Reached XP level 5. HP: 31/41 MP: 5/5
  3582 | D:4      | HP: 2/41 [poisoned by a worker ant]
  3586 | D:4      | Succumbed to a worker ant's poison

Skill      XL: |  1  2  3  4 |
---------------+-------------+-----
Armour         | 3 |  3.6
Shields        | 3 |  3.1
Axes           | 2 |  2.6
Stealth        | 1 |  1.6
Dodging        | 1 |  1.1
Fighting       | |  3.4
Short Blades   | |  0.7
Throwing       | |  0.4

Action                   |  1- 3 |  4- 6 || total
-------------------------+-------+-------++-------
Melee: War axe           |   118 |    12 ||   130
       Dagger            |       |   158 ||   158
Evoke: Wand              |       |     1 ||     1
  Use: Potion            |       |     3 ||     3
 Stab: Sleeping          |       |     8 ||     8
  Eat: Chunk             |       |     5 ||     5
       Ration            |       |     1 ||     1
Armor: Scale mail        |    53 |       ||    53
       Leather armour    |       |    40 ||    40
Dodge: Dodged            |    41 |   107 ||   148
Block: Shield            |    62 |       ||    62
